 Dungeon Crawl Stone Soup version 0.22-b1-59-g0aedee7 (webtiles) character file.

10739 Lew the Ducker (level 11, -14/94 HPs)
             Began as a Demigod Fighter on Aug 9, 2018.
             Demolished by an orc knight
             ... wielding a +0 great sword
              (34 damage)
             ... on level 1 of the Orcish Mines.
             The game lasted 00:47:04 (10553 turns).

Lew the Ducker (Demigod Fighter)                   Turns: 10553, Time: 00:47:04

Health: -14/94     AC: 12    Str: 25    XL:     11   Next: 17%
Magic:  14/14      EV: 16    Int: 12    God:
Gold:   1091       SH: 12    Dex: 15    Spells: 10/10 levels left

rFire    + . .     SeeInvis .   o - +2 war axe (drain)
rCold    + . .     Gourm    .   c - +0 shield
rNeg     . . .     Faith    .   q - +0 scale mail (curse)
rPois    .         Spirit   .   y - +2 hat
rElec    .         Reflect  .   r - scarf {rC+ rF+}
rCorr    .         Harm     .   e - +0 pair of gloves
MR       +....                  (no boots)
Stlth    ..........             (no amulet)
HPRegen  0.65/turn              w - +2 ring of evasion
MPRegen  0.14/turn              (no ring)

@: no status effects
A: blink, high mp 1, regeneration 1, shaggy fur 1, wild magic 1
a: Blink


You were on level 1 of the Orcish Mines.
You were not hungry.

You visited 3 branches of the dungeon, and saw 13 of its levels.

You collected 1237 gold pieces.
You spent 146 gold pieces at shops.

Inventory:

Hand Weapons
 a - a +0 vampiric battleaxe
 g - a +0 whip of flaming
 o - a +2 war axe of draining (weapon)
 B - the +0 dagger of Fragile Peace {chaos, Dex+2}
   (You found it on level 8 of the Dungeon)

   Each time it hits an enemy it has a different, random effect.
   It affects your dexterity (+2).
 E - a +1 great mace
 F - a +0 whip of holy wrath
 G - a +1 mace of holy wrath
Missiles
 l - 5 tomahawks of returning (quivered)
 n - 2 steel tomahawks
 D - 10 tomahawks
Armour
 b - a +2 robe of positive energy
 c - a +0 shield (worn)
 e - a +0 pair of gloves (worn)
 m - a +0 ring mail
 q - a cursed +0 scale mail (worn)
 r - a scarf of resistance (worn)
 y - a +2 hat (worn)
 A - a +0 plate armour
 C - the +3 ring mail of Xom's Whim {rC++ rCorr Str+4 Int+2, unknown}
   (You found it on level 9 of the Dungeon)

   It affects your strength (+4).
   It affects your intelligence (+2).
   It greatly protects you from cold.
   It provides partial protection from all sources of acid and corrosion.
Jewellery
 j - an uncursed ring of fire {unknown}
 u - the ring "Soakk" {*Tele *Corrode +Blink rF- Int+9, unknown}
   (You found it on level 9 of the Dungeon)

   [ring of teleportation]

   It may teleport you next to monsters.
   It affects your intelligence (+9).
   It makes you vulnerable to fire.
   It lets you blink.
   It may corrode you when you take damage.
 w - a +2 ring of evasion (left hand)
Wands
 d - a wand of flame (37)
 f - a wand of digging (14)
 k - a wand of random effects (45)
 s - a wand of polymorph (12)
 t - a wand of acid (9)
 v - a wand of disintegration (9)
 x - a wand of iceblast (10)
Scrolls
 z - 3 scrolls of identify
Potions
 p - a potion of ambrosia
Comestibles
 h - 10 rations


   Skills:
 + Level 7.9 Fighting
 + Level 7.6 Axes
 + Level 7.8 Armour
 * Level 7.9 Dodging
 + Level 7.8 Shields


You had 10 spell levels left.
You didn't know any spells.
Your spell library contained the following spells:

 Spells                   Type           Power        Failure   Level  Hunger
 Cause Fear               Hex            #.........   100%        4    #####..
 Lightning Bolt           Conj/Air       #.........   100%        5    ######.
 Slow                     Hex            #.......     97%         2    ###....
 Invisibility             Hex            #.......     100%        6    #######
 Shock                    Conj/Air       #...         91%         1    ##.....
 Swiftness                Chrm/Air       #.......     97%         2    ###....
 Ice Form                 Ice/Tmut       #.......     100%        4    #####..
 Passwall                 Tmut/Erth      #.......     97%         2    ###....
 Corona                   Hex            #......      91%         1    ##.....
 Lee's Rapid Deconstruct  Erth           #.........   100%        5    ######.
 Simulacrum               Ice/Necr       #.........   100%        6    #######
 Portal Projectile        Hex/Tloc       #.....       99%         3    ####...
 Passage of Golubria      Tloc           N/A          100%        4    #####..
 Leda's Liquefaction      Hex/Erth       #.........   100%        4    #####..
 Darkness                 Hex            #.........   100%        6    #######
 Inner Flame              Hex/Fire       #.......     99%         3    ####...
 Summon Lightning Spire   Summ/Air       #.......     100%        4    #####..


Dungeon Overview and Level Annotations

Branches:
Dungeon (10/15)            Temple (1/1) D:6             Orc (2/2) D:9
   Lair: D:8-11         Elf: Orc:2

Shops:
D:4 (   D:5 :

Annotations:
D:10 Maurice


Innate Abilities, Weirdness & Mutations

You have an increased reservoir of magic. (+10% MP)
You can translocate small distances at will.
Your natural rate of healing is unusually fast.
You are covered in fur. (AC +1)
Your spells are a little harder to cast, but a little more powerful.


Message History

You climb downwards.
The orc knight hits you with a great sword!!
The orc priest mumbles some strange prayers to Beogh against you.
Beogh smites you!
The orc warlord roars a battlecry!
The orcs go into a battle-frenzy!
There is a stone staircase leading up, spattered with blood here.
The orc knight hits you with a great sword!!!
* * * LOW HITPOINT WARNING * * *
You climb upwards.
There is a stone staircase leading down here.
You are too injured to fight recklessly!
You barely miss the orc knight. The orc knight closely misses you.
You hit the orc knight.
The orc knight is lightly wounded.
You block the orc knight's attack.
You hit the orc knight. You drain the orc knight!
The orc knight is lightly wounded.
The orc knight hits you with a great sword!!
You die...

### ##### ###### ###
##.####.#.####.##.## #.###
#....#.....##......# ....##
##.................### #....#
#........[...........## ###..##
#......[@[......#.....## #
#...###......o........##...#.##
####.#.#...#.........#.#........#
.#.#.......#........#.......##.##
....................<....#...###
..........................#.##
#........................####
.......................###
...#..................#.##


You could see an orc knight.

Vanquished Creatures
  A two-headed ogre (D:9)
  An orc high priest (Orc:2)
  Pikel (D:8)
  The ghost of Ymberto the Nimble, a novice DEFE of Sif Muna (D:8)
  An orc knight (Orc:1)
  An orc sorcerer (Orc:2)
  A gargoyle (D:8)
  2 trolls (Orc:1)
  A slime creature (D:9)
  2 hippogriffs
  A hungry ghost (D:8)
  A black bear (D:8)
  18 orc warriors
  A sky beast (D:9)
  2 ice beasts
  A phantom (D:5)
  7 ogres
  3 slaves (D:8)
  A necrophage (D:9)
  An eye of draining (D:9)
  6 centaurs
  9 bullfrogs
  A scorpion (D:5)
  4 killer bees (D:9)
  3 howler monkeys
  9 crimson imps
  2 bullfrog zombies
  8 hounds
  2 jellies
  A bullfrog skeleton (D:5)
  14 orc priests
  3 iguanas
  15 orc wizards
  10 worker ants
  Ijyb (D:3)
  3 hound skeletons
  2 howler monkey skeletons
  10 adders
  3 gnolls (D:4)
  3 shadow imps
  An ooze (D:3)
  An adder zombie (D:8)
  2 adder skeletons
  3 worms
  4 leopard geckos
  47 orcs
  8 giant cockroaches
  4 goblins
  8 hobgoblins
  3 jackals (D:9)
  6 quokkas
  5 bats
  10 frilled lizards
  2 gnoll zombies (D:4)
  7 kobolds
  2 leopard gecko skeletons
  A quokka skeleton (D:8)
  4 rats
275 creatures vanquished.

Vanquished Creatures (others)
  A leopard gecko (D:8)
  A giant cockroach (D:8)
2 creatures vanquished.

Grand Total: 277 creatures vanquished

Notes
Turn   | Place    | Note
-------+----------+-------------------------------------------
     0 | D:1      | Lew the Demigod Fighter began the quest for the Orb.
     0 | D:1      | Reached XP level 1. HP: 18/18 MP: 3/3
   558 | D:1      | Reached XP level 2. HP: 25/25 MP: 4/4
   827 | D:2      | Reached skill level 1 in Dodging
   827 | D:2      | Reached XP level 3. HP: 9/31 MP: 5/5
  1041 | D:2      | Found a blossoming altar of Fedhas.
  1128 | D:2      | Found an ancient bone altar of Kikubaaqudgha.
  1146 | D:2      | Found a sparkling altar of Nemelex Xobeh.
  1412 | D:2      | Found a shimmering altar of Xom.
  1708 | D:3      | Noticed Ijyb
  1723 | D:3      | Killed Ijyb
  1723 | D:3      | Reached XP level 4. HP: 32/38 MP: 6/6
  2101 | D:3      | Found a shimmering altar of Xom.
  2373 | D:3      | Reached XP level 5. HP: 45/45 MP: 7/7
  2486 | D:3      | Paralysed by a crimson imp for 5 turns
  2530 | D:3      | Gained mutation: Your spells are a little harder to cast, but a little more powerful. [potion of mutation]
  2530 | D:3      | Gained mutation: Your natural rate of healing is unusually fast. [potion of mutation]
  2530 | D:3      | Gained mutation: You are covered in fur. (AC +1) [potion of mutation]
  2530 | D:3      | Gained mutation: You can translocate small distances at will. [potion of mutation]
  2678 | D:4      | Reached XP level 6. HP: 29/52 MP: 8/8
  2888 | D:4      | Found a white marble altar of Elyvilon.
  2913 | D:4      | Found Xobun's Weapon Boutique.
  2945 | D:4      | Bought a +1 war axe of draining for 146 gold pieces
  3590 | D:4      | Found a basalt altar of Yredelemnul.
  3769 | D:5      | Entered Level 5 of the Dungeon
  3776 | D:5      | Reached XP level 7. HP: 59/59 MP: 9/9
  3912 | D:5      | Found an opulent altar of Gozag.
  3928 | D:5      | Found a hide-covered altar of Uskayaw.
  4014 | D:5      | Found Yku Xuto's Book Shoppe.
  4428 | D:6      | Reached XP level 8. HP: 66/67 MP: 10/10
  4590 | D:6      | Found a faded altar of an unknown god.
  4594 | D:6      | Reached skill level 5 in Fighting
  4597 | D:6      | Found a staircase to the Ecumenical Temple.
  4629 | Temple   | Entered the Ecumenical Temple
  5008 | D:6      | Reached skill level 5 in Armour
  5008 | D:6      | Reached skill level 5 in Shields
  5523 | D:7      | Noticed a hippogriff
  5529 | D:7      | Killed a hippogriff
  5665 | D:7      | Found a glowing silver altar of Zin.
  5706 | D:7      | Reached skill level 5 in Axes
  6201 | D:8      | Got a crystal dagger
  6202 | D:8      | Identified the cursed +0 dagger of Fragile Peace {chaos, Dex+2} (You found it on level 8 of the Dungeon)
  6239 | D:8      | Found a runed gate.
  6239 | D:8      | Found a runed gate.
  6239 | D:8      | Found a runed gate.
  6239 | D:8      | Noticed Ymberto's ghost (novice DEFE)
  6267 | D:8      | Noticed a gargoyle
  6295 | D:8      | Noticed Pikel
  6334 | D:8      | Killed a gargoyle
  6334 | D:8      | Reached XP level 9. HP: 46/75 MP: 11/11
  6338 | D:8      | Killed Pikel
  6338 | D:8      | Reached skill level 5 in Dodging
  6837 | D:8      | Found an iron altar of Okawaru.
  6849 | D:8      | Found a shadowy altar of Dithmenos.
  6849 | D:8      | Found a glowing golden altar of the Shining One.
  6856 | D:8      | Found a stormy altar of Qazlal.
  6989 | D:8      | Killed Ymberto's ghost
  7105 | D:9      | Noticed a two-headed ogre
  7108 | D:9      | Reached XP level 10. HP: 75/84 MP: 13/13
  7159 | D:9      | HP: 1/84 [two-headed ogre/giant spiked club (16)]
  8074 | D:9      | Killed a two-headed ogre
  8256 | D:9      | Found a radiant altar of Vehumet.
  8259 | D:9      | Found a snail-covered altar of Cheibriados.
  8338 | D:9      | Found a staircase to the Orcish Mines.
  8463 | D:9      | Identified the Tome of Lightness and the Glacier
  8486 | D:9      | Got a faintly glowing amber ring
  8840 | D:9      | Got a faintly humming ring mail
  9074 | D:10     | Entered Level 10 of the Dungeon
  9075 | D:10     | Noticed Maurice
  9142 | Orc:1    | Entered Level 1 of the Orcish Mines
  9434 | Orc:1    | Noticed an orc knight
  9451 | Orc:1    | Killed an orc knight
  9772 | Orc:2    | Entered Level 2 of the Orcish Mines
 10115 | Orc:2    | Noticed an orc sorcerer
 10128 | Orc:2    | Noticed a sixfirhy
 10132 | Orc:2    | Killed an orc sorcerer
 10132 | Orc:2    | Reached XP level 11. HP: 28/93 MP: 14/14
 10139 | Orc:2    | Noticed an orc high priest
 10313 | Orc:2    | Noticed a soul eater
 10314 | Orc:2    | Killed an orc high priest
 10388 | Orc:2    | Noticed an orc warlord
 10534 | Orc:2    | Noticed an orc knight
 10553 | Orc:1    | Demolished by an orc knight

Skill      XL: |  1  2  3  4  5  6  7  8  9 10 |
---------------+-------------------------------+-----
Axes           | 2 3 4 5 6 7 |  7.6
Fighting       | 3 4 5 6 7 |  7.9
Armour         | 3 4 5 6 7 |  7.8
Dodging        | 1 2 3 4 5 7 |  7.9
Shields        | 3 4 5 6 7 |  7.8

Action                   |  1- 3 |  4- 6 |  7- 9 | 10-12 || total
-------------------------+-------+-------+-------+-------++-------
Melee: War axe           |   116 |   206 |   312 |   361 ||   995
Throw: Tomahawk          |       |       |     3 |       ||     3
 Abil: Blink             |       |     1 |       |       ||     1
Evoke: Wand              |       |       |     6 |       ||     6
  Use: Scroll            |     5 |     3 |    11 |     1 ||    20
       Potion            |     3 |     3 |     6 |     4 ||    16
  Eat: Chunk             |     2 |     3 |     5 |     2 ||    12
       Ration            |     1 |       |     3 |     3 ||     7
Armor: Scale mail        |    33 |    56 |    50 |    91 ||   230
       Ring mail         |       |    32 |    71 |       ||   103
Dodge: Dodged            |    30 |    80 |   154 |   191 ||   455
Block: Shield            |    56 |   125 |   200 |   246 ||   627
